Map: Sueño ártico EE

Players

MrFercho

  • Race: Zerg Zerg
  • Spawn Location: 5:00

TATORREA

  • Race: Protoss Protoss
  • League: Silver
  • Spawn Location: 6:00

KimJongGoku

  • Race: Zerg Zerg
  • Spawn Location: 11:00

Yggdrasil

  • Race: Protoss Protoss
  • Spawn Location: 12:00

VOD

Have the link to the VOD?

Description

Time

  • Played on: May 3, 2020, 9:32 p.m.
  • Length: 12:02
Show
View Real Time Build Order
Export as new Build Order

MrFercho Zerg 

Build Orders: Hatch First 

Get SALT Encoding   

  13  0:07  Drone  
  13  0:16  Overlord  
  13  0:17  Drone  
  14  0:50  Drone x2  
  14  0:52  Hatchery  
  15  1:06  Drone x2  
  17  1:11  Extractor  
  17  1:12  Drone  
  17  1:31  Drone  
  17  1:32  Spawning Pool  
  17  1:38  Drone  
  18  1:45  Drone  
  19  2:04  Overlord  
  19  2:08  Drone  
  19  2:15  Drone  
  21  2:22  Roach Warren  
  20  2:26  Metabolic Boost  
  20  2:33  Drone  
  20  2:34  Drone  
  20  2:37  Zergling x4  
  24  2:44  Extractor  
  24  2:48  Drone  
  24  2:49  Drone x2  
  26  3:13  Drone x3  
  29  3:21  Extractor  
  29  3:26  Extractor  
  25  3:53  Queen  
  27  3:56  Lair  
  27  4:00  Drone x3  
  34  4:10  Roach x3  
  36  4:45  Overlord x2  
  36  5:02  Glial Reconstitution  
  36  5:14  Drone x3  
  39  5:27  Hatchery  
  38  5:30  Hatchery x2  
  38  5:33  Spire  
  38  5:35  Spire  
  34  5:39  Hydralisk Den  
  33  5:44  Zergling x12  
  39  5:50  Zergling x2  
  39  5:51  Zergling x4  
  42  6:04  Overseer  
  42  6:46  Drone  
  42  6:47  Drone x2  
  45  7:27  Grooved Spines  
  45  7:29  Zerg Flyer Armor Level 1, Zerg Flyer Weapons Level 1  
  45  7:45  Mutalisk  
  45  7:46  Mutalisk x8  
  63  8:20  Drone x3  
  66  8:41  Infestation Pit  
  65  8:57  Pneumatized Carapace  
  65  9:12  Drone x3  
  68  9:17  Drone x2  
  68  9:19  Overlord x3  
  55  10:25  Mutalisk  
  55  10:26  Mutalisk x3  
  63  10:29  Corruptor  
  63  10:30  Mutalisk x8  
  63  10:31  Mutalisk x2  
Show
View Real Time Build Order
Export as new Build Order

TATORREA Protoss 

Build Orders:  

Get SALT Encoding   

  12  0:01  Probe  
  13  0:20  Probe  
  14  0:21  Pylon  
  14  0:32  Pylon  
  14  0:33  Probe  
  15  0:50  Gateway, Probe  
  16  1:02  Gateway, Probe  
  17  1:18  Gateway  
  17  1:22  Assimilator  
  17  1:23  Probe  
  18  1:38  Pylon  
  18  1:44  Probe  
  18  1:45  Pylon  
  18  1:46  Zealot  
  21  1:52  Zealot  
  23  2:06  Zealot  
  25  2:09  Probe  
  26  2:18  Assimilator  
  26  2:21  Probe  
  27  2:26  Zealot  
  27  2:28  Zealot  
  31  2:33  Zealot  
  33  2:44  Cybernetics Core  
  33  2:45  Probe  
  34  2:57  Probe  
  35  3:09  Probe  
  36  3:14  Zealot x3  
  42  3:24  Pylon  
  42  3:30  Stargate  
  42  3:35  Probe  
  43  3:59  Stargate  
  43  4:03  Twilight Council  
  43  4:07  Probe  
  43  4:09  Stalker  
  46  4:12  Zealot x2  
  46  4:14  Warp Gate  
  50  4:19  Probe  
  51  4:27  Assimilator  
  37  5:01  Probe  
  37  5:04  Oracle  
  41  5:13  Probe (Chrono Boost)  
  42  5:24  Probe (Chrono Boost)  
  42  5:25  Zealot x3  
  49  5:30  Probe (Chrono Boost)  
  50  5:40  Probe (Chrono Boost)  
  51  5:49  Probe (Chrono Boost)  
  52  5:55  Oracle  
  55  5:58  Charge  
  55  6:14  Pylon  
  55  6:19  Pylon  
  56  6:32  Probe  
  53  6:45  Oracle  
  56  6:52  Probe  
  57  7:04  Probe  
  57  7:05  Robotics Facility  
  58  7:16  Probe  
  59  7:24  Stalker  
  59  7:25  Stalker x2  
  59  7:29  Probe  
  66  7:36  Void Ray  
  70  7:41  Probe  
  71  7:54  Probe  
  69  8:02  Stalker  
  71  8:20  Pylon  
  71  8:23  Pylon  
  71  8:27  Pylon  
  71  8:30  Pylon  
  71  8:38  Probe  
  72  8:47  Robotics Bay  
  72  8:49  Immortal  
  72  8:50  Probe  
  77  9:02  Probe  
  78  9:04  Void Ray  
  82  9:53  Nexus  
  82  9:54  Extended Thermal Lance  
  82  10:10  Zealot x2  
  86  10:18  Zealot  
  88  10:43  Void Ray  
Show
View Real Time Build Order
Export as new Build Order

KimJongGoku Zerg 

Build Orders: Hatch First 

Get SALT Encoding   

  12  0:15  Drone x2  
  14  0:38  Hatchery  
  14  0:40  Drone  
  14  1:02  Spawning Pool  
  14  1:03  Extractor, Drone  
  13  1:05  Drone  
  14  1:21  Overlord  
  14  1:49  Queen  
  14  1:51  Queen  
  18  1:57  Zergling x6  
  18  1:59  Zergling x2  
  22  2:04  Extractor  
  22  2:06  Drone  
  22  2:31  Drone x5  
  27  2:40  Drone  
  28  2:50  Metabolic Boost  
  28  3:14  Overlord  
  28  3:17  Lair  
  29  3:55  Drone x2  
  29  3:56  Drone x6  
  29  3:57  Overlord  
  36  4:09  Extractor  
  35  4:14  Spore Crawler  
  30  5:06  Roach Warren  
  30  5:07  Hydralisk Den  
  28  5:10  Drone x6  
  34  5:15  Spore Crawler  
  33  5:23  Drone x3  
  33  5:24  Drone x4  
  40  5:46  Hydralisk x2  
  40  5:47  Overlord  
  44  5:51  Overseer x2  
  44  5:58  Grooved Spines  
  44  5:59  Glial Reconstitution  
  44  6:06  Roach x4  
  44  6:08  Overlord  
  52  6:48  Drone x2  
  52  6:49  Drone x4  
  52  6:51  Extractor  
  52  6:52  Overlord  
  52  6:53  Hydralisk  
  59  7:11  Muscular Augments  
  59  7:12  Hydralisk x4  
  59  7:14  Overlord  
  67  7:24  Drone  
  68  7:37  Spine Crawler  
  67  8:10  Evolution Chamber  
  66  8:13  Infestation Pit  
  66  8:14  Hydralisk x2  
  66  8:15  Hydralisk x3  
  66  8:17  Overlord x3  
  75  8:30  Drone  
  76  8:37  Zerg Melee Weapons Level 1  
  76  8:43  Hydralisk x6  
  76  8:44  Hydralisk x2  
  92  8:51  Hive  
  92  8:56  Drone  
  93  9:11  Roach x3  
  93  9:12  Overlord x2  
  93  9:13  Overlord  
  99  9:26  Spine Crawler  
  98  9:40  Evolution Chamber  
  97  10:05  Adrenal Glands  
  97  10:21  Spore Crawler  
  96  10:43  Hydralisk x4  
  96  10:44  Hydralisk x7  
  96  10:45  Hydralisk x3  
  96  10:46  Overlord  
Show
View Real Time Build Order
Export as new Build Order

Yggdrasil Protoss 

Build Orders:  

Get SALT Encoding   

  12  0:01  Probe  
  13  0:13  Probe  
  14  0:22  Pylon  
  14  0:36  Pylon  
  14  0:43  Gateway  
  14  0:45  Probe (Chrono Boost)  
  16  0:58  Probe (Chrono Boost)  
  16  1:02  Forge  
  16  1:04  Assimilator  
  16  1:06  Probe (Chrono Boost)  
  17  1:17  Probe (Chrono Boost)  
  18  1:22  Probe (Chrono Boost)  
  18  1:25  Gateway  
  19  1:30  Zealot  
  21  1:37  Assimilator  
  21  1:43  Probe  
  22  1:55  Cybernetics Core  
  22  2:01  Zealot  
  24  2:06  Probe (Chrono Boost)  
  25  2:15  Pylon  
  25  2:18  Probe (Chrono Boost)  
  26  2:25  Probe (Chrono Boost)  
  27  2:32  Warp Gate  
  27  2:38  Robotics Facility  
  27  2:39  Probe  
  27  2:42  Protoss Ground Weapons Level 1  
  28  3:08  Nexus  
  28  3:13  Probe  
  28  3:15  Stalker (Chrono Boost)  
  31  3:26  Observer  
  32  3:35  Stalker  
  34  3:47  Probe  
  34  4:10  Twilight Council  
  34  4:14  Probe (Chrono Boost)  
  34  4:15  Robotics Bay  
  35  4:21  Observer  
  35  4:24  Probe (Chrono Boost)  
  37  4:25  Stalker  
  37  4:26  Stalker  
  41  4:34  Probe x2  
  43  4:38  Assimilator  
  43  4:40  Assimilator  
  43  4:46  Probe x2  
  45  4:54  Zealot x2  
  49  5:05  Disruptor  
  52  5:19  Gateway, Probe (Chrono Boost)  
  54  5:22  Gateway  
  54  5:23  Probe (Chrono Boost)  
  54  5:42  Pylon  
  54  5:44  Pylon x2  
  54  5:54  Charge  
  54  6:00  Probe (Chrono Boost)  
  54  6:02  Probe (Chrono Boost)  
  56  6:08  Pylon  
  56  6:12  Probe (Chrono Boost)  
  56  6:13  Extended Thermal Lance  
  56  6:14  Colossus  
  56  6:18  Probe (Chrono Boost)  
  64  6:19  Probe (Chrono Boost)  
  65  6:26  Robotics Facility  
  65  6:32  Probe (Chrono Boost)  
  66  6:35  Stalker  
  68  6:42  Probe (Chrono Boost)  
  69  6:50  Stalker  
  69  6:51  Stalker x2  
  75  7:06  Probe (Chrono Boost)  
  75  7:08  Colossus  
  83  7:16  Probe (Chrono Boost)  
  83  7:20  Pylon  
  83  7:21  Probe (Chrono Boost)  
  83  7:22  Pylon  
  84  7:37  Stalker  
  84  7:43  Stalker x2  
  84  7:44  Stalker, Protoss Ground Weapons Level 2 (Chrono Boost)  
  92  7:49  Disruptor  
  95  7:53  Gateway  
  95  8:01  Zealot  
  97  8:10  Probe (Chrono Boost)  
  98  8:15  Blink  
  98  8:28  Forge  
  98  8:42  Nexus  
  98  8:43  Gravitic Boosters  
  98  8:44  Assimilator  
  98  8:48  Assimilator  
  98  8:52  Pylon  
  98  9:04  Stalker x2  
  98  9:07  Protoss Shields Level 1 (Chrono Boost)  
  102  9:18  Pylon x2  
  102  9:20  Pylon  
  102  9:22  Pylon  
  102  9:38  Stalker x3  
  108  9:47  Gateway  
  108  9:50  Gateway x2  
  108  9:55  Colossus  
  109  10:15  Stalker x3  
  109  10:16  Stalker  
  113  10:26  Stalker  
  109  11:10  Stalker x2  
  109  11:11  Stalker x4  
  105  11:12  Stalker x2  
  90  11:42  Stalker x5  
  90  11:43  Stalker x2  
Tags
 
Add a new tag
Caveats
  • Supply blocks, unpowered buildings, or Contaminate may cause inaccurate times.
  • Supply counts are checked every 10 seconds.